Map: Acropolis LE

Players

Djorn - Winner!

  • Race: Protoss Protoss
  • League: Bronze
  • Spawn Location: 11:00

A.I. 1 (Medium)

  • Race: Zerg Zerg
  • Spawn Location: 5:00

VOD

Have the link to the VOD?

Description

Time

  • Played on: Aug. 25, 2019, 3:53 p.m.
  • Length: 6:58
Show
View Real Time Build Order
Export as new Build Order

Djorn Protoss - Winner!

Build Orders:  

Get SALT Encoding   

  12  0:01  Probe  
  14  0:14  Probe  
  14  0:21  Pylon  
  14  0:26  Probe  
  15  0:36  Probe  
  16  0:44  Probe  
  17  0:53  Gateway, Probe  
  18  1:05  Probe  
  19  1:17  Probe  
  20  1:26  Gateway  
  20  1:30  Probe  
  21  1:33  Assimilator  
  21  2:06  Cybernetics Core  
  21  2:07  Pylon  
  21  2:10  Probe  
  22  2:22  Pylon x2, Zealot  
  22  2:23  Probe  
  22  2:24  Zealot  
  25  2:33  Warp Gate  
  27  2:48  Probe  
  28  2:53  Assimilator  
  28  2:55  Adept  
  28  2:57  Adept  
  32  3:01  Probe  
  33  3:10  Gateway  
  33  3:12  Gateway  
  33  3:18  Pylon  
  33  3:29  Stalker  
  33  3:32  Stalker  
  37  3:41  Probe  
  38  4:35  Zealot x2  
  38  4:36  Zealot x2  
  46  4:45  Pylon  
  46  4:56  Stalker  
  46  4:57  Stalker x3  
  54  5:13  Shield Battery  
  54  5:14  Shield Battery  
  48  5:23  Zealot x2  
  48  5:24  Zealot x2  
  56  5:31  Nexus  
  54  6:42  Zealot x2  
Show
View Real Time Build Order
Export as new Build Order

A.I. 1 (Medium) Zerg 

Build Orders: 1 Base Baneling Bust, Pool Only 

Get SALT Encoding   

  12  0:00  Drone  
  13  0:12  Overlord  
  13  0:16  Drone  
  14  0:30  Drone  
  14  0:33  Drone  
  16  0:43  Spawning Pool  
  16  0:44  Drone  
  16  0:48  Drone  
  17  0:52  Extractor  
  17  0:55  Drone  
  17  1:06  Overlord  
  17  1:31  Zergling x2  
  17  1:32  Queen  
  20  1:33  Roach Warren  
  20  1:35  Zergling x2  
  20  1:38  Drone  
  21  1:40  Extractor  
  21  1:44  Baneling Nest  
  19  1:49  Drone  
  20  2:00  Drone  
  21  2:10  Drone  
  22  2:21  Zergling x2  
  23  2:28  Baneling  
  23  2:29  Baneling  
  23  2:32  Zergling x2  
  24  2:38  Overlord, Zergling x2  
  24  2:42  Zergling x2  
  26  2:45  Zergling x2  
  27  2:54  Baneling, Zergling x2  
  27  2:58  Baneling  
  28  3:05  Zergling x2  
  29  3:07  Evolution Chamber  
  29  3:10  Zergling x2, Drone  
  30  3:13  Drone  
  30  3:17  Drone  
  32  3:27  Overlord  
  32  3:38  Drone  
  33  3:43  Drone  
  33  3:45  Drone  
  35  3:48  Drone  
  36  5:01  Overlord, Drone, Roach, Lair  
  36  5:03  Spore Crawler  
  36  5:04  Drone  
  38  5:07  Drone  
  38  5:11  Spore Crawler  
  38  5:12  Drone, Roach  
  32  5:23  Roach  
  34  5:34  Roach  
  36  5:36  Overlord  
  36  5:43  Spine Crawler  
  36  5:44  Roach  
  36  5:45  Drone  
  36  5:52  Roach  
  32  5:58  Queen  
  32  5:59  Overseer x2, Roach  
  33  6:09  Zergling x2  
  31  6:14  Hydralisk Den  
  31  6:16  Drone  
  31  6:17  Zergling x2  
  21  6:24  Zergling x2  
  14  6:31  Drone  
Tags
 
Add a new tag
Caveats
  • Supply blocks, unpowered buildings, or Contaminate may cause inaccurate times.
  • Supply counts are checked every 10 seconds.